 Dungeon Crawl Stone Soup version 0.23.2-33-g5129a83184 (webtiles) character file.

Game seed: 819683453498583615

58 MalarOregon the Poker (level 4, -2/35 HPs)
             Began as a Merfolk Skald on Aug 5, 2019.
             Was an Initiate of Gozag.
             Slain by a gnoll
             ... wielding a +0 spear
              (6 damage)
             ... on level 2 of the Dungeon.
             The game lasted 00:02:12 (1636 turns).

MalarOregon the Poker (Merfolk Skald)               Turns: 1636, Time: 00:02:12

Health: -2/35      AC:  3    Str: 11    XL:     4   Next: 1%
Magic:  3/7        EV: 13    Int: 13    God:    Gozag
Gold:   88         SH:  0    Dex: 13    Spells: 2/8 levels left

rFire    . . .     SeeInvis .   a - +0 spear
rCold    . . .     Gourm    .   (no shield)
rNeg     . . .     Faith    .   b - +0 leather armour
rPois    .         Spirit   .   (no helmet)
rElec    .         Reflect  .   (no cloak)
rCorr    .         Harm     .   (no gloves)
MR       .....                  (no boots)
Stlth    +.........             (no amulet)
HPRegen  0.11/turn              (no ring)
MPRegen  0.10/turn              (no ring)

@: no status effects
A: change form in water, swift swim, stealthy swim
a: Potion Petition, Call Merchant, Bribe Branch, Renounce Religion


You were on level 2 of the Dungeon.
You worshipped Gozag.
Gozag was noncommittal.
You were hungry.

You visited 1 branch of the dungeon, and saw 2 of its levels.

You collected 129 gold pieces.
You paid 41 gold pieces to Gozag.

Inventory:

Hand Weapons
 a - a +0 spear (weapon)
Armour
 b - a +0 leather armour (worn)
Jewellery
 p - an uncursed ring of fire {unknown}
   (You found it on level 2 of the Dungeon)
 q - an uncursed ring of protection from magic {unknown}
   (You found it on level 2 of the Dungeon)
Wands
 x - a wand of acid (9)
   (You found it on level 2 of the Dungeon)
Scrolls
 c - 2 scrolls of enchant armour {unknown}
 h - a scroll of remove curse {unknown}
 i - a scroll of teleportation {unknown}
 k - a scroll of random uselessness {unknown}
 m - a scroll of noise {unknown}
 o - a scroll of fog {unknown}
Potions
 d - a potion of heal wounds {unknown}
 f - 2 potions of brilliance {unknown}
 g - a potion of degeneration {unknown}
 j - a potion of curing {unknown}
 n - a potion of mutation {unknown}
Comestibles
 e - 5 rations {!d}


   Skills:
 + Level 3.0 Fighting
 + Level 4.0 Polearms
 - Level 0.6 Armour
 + Level 3.5 Dodging
 + Level 2.5 Spellcasting
 - Level 3.2 Charms


You had 2 spell levels left.
You knew the following spells:

 Your Spells              Type           Power        Failure   Level  Hunger
a - Infusion              Chrm           ##..         9%          1    #......
e - Regeneration          Chrm/Necr      #.........   43%         3    ###....
q - Shroud of Golubria    Chrm/Tloc      #.........   24%         2    ###....

Your spell library contained the following spells:

 Spells                   Type           Power        Failure   Level  Hunger
 Song of Slaying          Chrm           ##......     12%         2    ###....
 Spectral Weapon          Hex/Chrm       #.......     43%         3    ###....


Dungeon Overview and Level Annotations

Branches:
Dungeon (2/15)

Altars:
Gozag


Message History

You start resting.
You start resting.
A gnoll comes into view. It is wielding a +0 whip.
The gnoll shouts!
Found a stone staircase leading down.
You see here 7 gold pieces.
A gnoll comes into view. It is wielding a +0 whip.
The gnoll shouts!
You hear a shout!
A gnoll comes into view. It is wielding a +0 spear.
Space distorts slightly along a thin shroud covering your body.
You closely miss the gnoll. The gnoll closely misses you.
You hit the gnoll but do no damage. The gnoll closely misses you.
You hit the gnoll. You barely miss the gnoll.
The gnoll hits you with a +0 whip!
Your shroud falls apart!
You see here 7 gold pieces.
Space distorts slightly along a thin shroud covering your body.
You are feeling hungry.
The gnoll misses you.
You hit the gnoll but do no damage.
Your shroud bends the gnoll's attack away.
You hit the gnoll. The gnoll closely misses you.
You hit the gnoll but do no damage.
The gnoll hits you from afar with a +0 spear!
Your shroud falls apart!
Space distorts slightly along a thin shroud covering your body.
Your shroud bends the gnoll's attack away.
The gnoll barely misses you.
You barely miss the gnoll. The gnoll barely misses you.
Your shroud bends the gnoll's attack away.
You hit the gnoll. The gnoll misses you. The gnoll hits you but does no damage.
You hit the gnoll but do no damage.
Your shroud bends the gnoll's attack away!
Your shroud bends the gnoll's attack away.
You hit the gnoll. The gnoll closely misses you.
The gnoll hits you from afar with a +0 spear!
* * * LOW HITPOINT WARNING * * *
Your shroud falls apart!
The gnoll throws a throwing net.
The throwing net hits you.
You become entangled in the net!
You see here a throwing net {!f}.
You struggle against the net.
You tear a large gash into the net.
The gnoll hits you from afar with a +0 spear.
* * * LOW HITPOINT WARNING * * *
The gnoll hits you but does no damage.
You shred the net and break free! The gnoll closely misses you.
The gnoll hits you from afar with a +0 spear.
You die...
Your body crumbles into a pile of gold.

..#############..........#
................######.###
..###########.### #...#
..# #...# #.### $ ..#
#.#.# #.# .## #.#.# ##.#
.## # #.#####.$# ..#
#.##.ggg#....... ###
##.#.#.@####......>
......(.## ....... #.
#..#..## ....... #.#
##.....# ###....... #.#
#....#.# #.......... #.#
#..#...###...........
#.####..###......#
#.##...###.....#.# ..#
#.#..........#...# ..#


You could see 3 gnolls.

Vanquished Creatures
  2 adders (D:2)
  A worm (D:2)
  A leopard gecko (D:2)
  A ball python (D:1)
  3 bats (D:1)
  4 giant cockroaches
  3 goblins
  2 hobgoblins
  4 jackals (D:1)
  3 frilled lizards
  3 kobolds
  7 rats
34 creatures vanquished.

Notes
Turn   | Place    | Note
-------+----------+-------------------------------------------
     0 | D:1      | MalarOregon the Merfolk Skald began the quest for the Orb.
     0 | D:1      | Reached XP level 1. HP: 16/16 MP: 3/3
   177 | D:1      | Reached XP level 2. HP: 17/23 MP: 5/5
   746 | D:1      | Reached XP level 3. HP: 20/28 MP: 6/6
  1179 | D:2      | Learned a level 2 spell: Shroud of Golubria
  1183 | D:2      | Learned a level 3 spell: Regeneration
  1192 | D:2      | Found an opulent altar of Gozag.
  1243 | D:2      | Became a worshipper of Gozag Ym Sagoz the Greedy
  1461 | D:2      | Reached skill level 4 in Polearms
  1472 | D:2      | Reached XP level 4. HP: 22/35 MP: 2/7
  1636 | D:2      | Slain by a gnoll

Skill      XL: |  1  2  3 |
---------------+----------+-----
Dodging        | 3 |  3.5
Polearms       | 4 |  4.0
Fighting       | 3 |  3.0
Armour         | |  0.6
Spellcasting   | |  2.5
Charms         | |  3.2

Action                   |  1- 3 |  4- 6 || total
-------------------------+-------+-------++-------
Melee: Spear             |   130 |    11 ||   141
 Cast: Infusion          |     2 |       ||     2
       Shroud of Golubri |       |     3 ||     3
 Stab: Sleeping          |     4 |       ||     4
  Eat: Chunk             |     2 |       ||     2
Armor: Leather armour    |    22 |     2 ||    24
Dodge: Dodged            |    55 |     9 ||    64
